 Dungeon Crawl Stone Soup version 0.29-a0-330-g52719c12eb (webtiles) character file.

Game seed: 8113138601990684899

316 Crownlay the Magician (level 6, -23/41 HPs)
             Began as an Octopode Earth Elementalist on May 1, 2022.
             Annihilated by an ogre
             ... wielding a +0 giant spiked club
              (36 damage)
             ... on level 4 of the Dungeon.
             The game lasted 00:05:01 (3382 turns).

Crownlay the Magician (Octopode Earth Elementalist) Turns: 3382, Time: 00:05:01

Health: -23/41     AC:  1    Str:  8    XL:     6   Next: 44%
Magic:  10/12      EV: 13    Int: 19    God:
Gold:   214        SH:  0    Dex: 12    Spells: 9/13 levels left

rFire   + + .      SeeInvis .   p - +1 spear (flame)
rCold   . . .      Faith    .   (no shield)
rNeg    . . .      Spirit   .   (helmet restricted)
rPois   .          Reflect  .   r - amulet of regeneration
rElec   .          Harm     .   d - ring of protection from fire
rCorr   .          Rampage  .   f - ring of protection from fire
Will    .....                   (no ring)
Stlth   +++.......              (no ring)
HPRegen 0.93/turn               (no ring)
MPRegen 0.13/turn               (no ring)
                                (no ring)
                                (no ring)

@: no status effects
A: almost no armour, amphibious, 8 rings, camouflage 1, gelatinous body 1,
(nimble swimmer 1), tentacles
a: no special abilities


You were on level 4 of the Dungeon.
You visited 1 branch of the dungeon, and saw 4 of its levels.

You collected 214 gold pieces.

Inventory:

Hand Weapons
 p - a +1 spear of flaming (weapon)
Missiles
 a - 169 stones
Magical Staves
 c - a staff of air
 n - a staff of conjuration
 q - a staff of fire
Jewellery
 d - a ring of protection from fire (left tentacle)
 f - a ring of protection from fire (right tentacle)
 r - an amulet of regeneration (around mantle)
Wands
 u - a wand of charming (2)
Scrolls
 g - a scroll of identify
 i - a scroll of magic mapping
Potions
 b - a potion of magic
 e - 2 potions of flight {unknown}
 h - a potion of mutation {unknown}
 j - a potion of invisibility {unknown}
 k - 2 potions of berserk rage {unknown}
 l - 2 potions of heal wounds {unknown}
 m - a potion of curing {unknown}
 o - a potion of degeneration {unknown}
 s - a potion of might {unknown}
 t - a potion of attraction {unknown}


   Skills:
 + Level 2.5 Fighting
 - Level 2.0 Dodging
 - Level 2.6 Stealth
 * Level 4.2 Spellcasting
 + Level 2.0 Conjurations
 - Level 1.0 Transmutations
 + Level 4.2 Earth Magic


You had 9 spell levels left.
You knew the following spells:

 Your Spells              Type           Power      Damage    Failure   Level
a - Sandblast             Erth           40%        2d10      2%          1
b - Stone Arrow           Conj/Erth      30%        3d8       12%         3

Your spell library contained the following spells:

 Spells                   Type           Power      Damage    Failure   Level
 Passwall                 Tmut/Erth      10%        N/A       7%          2
 Sting                    Tmut/Pois      20%        1d4       11%         1
 Corpse Rot               Necr/Air       8%         N/A       21%         2
 Poisonous Vapours        Pois/Air       8%         N/A       21%         2
 Petrify                  Tmut/Erth      13%        N/A       43%         4
 Dispel Undead            Necr           4%         3d7       80%         4
 Olgreb's Toxic Radiance  Pois           4%         N/A       80%         4
 Death Channel            Necr           2%         N/A       100%        6


Dungeon Overview and Level Annotations

Branches:
Dungeon (4/15)
 Temple: D:4-7

Altars:
Ru

Shops:
D:3 (


Innate Abilities, Weirdness & Mutations

You cannot wear most types of armour.
You are amphibious.
You can wear up to eight rings at the same time.
Your skin changes colour to match your surroundings (Stealth+).
Your rubbery body absorbs attacks. (AC +1, EV +1)
((You are camouflaged when in or above water. (Stealth+)))
You have tentacles for arms and can constrict up to eight enemies at once.


Message History

The giant cockroach completely misses you.
You hit the giant cockroach but do no damage.
You grab the giant cockroach.
You constrict the giant cockroach, but do no damage.
The giant cockroach barely misses you.
You hit the giant cockroach but do no damage.
You constrict the giant cockroach. The giant cockroach barely misses you.
The giant cockroach closely misses you.
You hit the giant cockroach. You burn the giant cockroach.
You kill the giant cockroach!
The ogre hits you with a +0 giant spiked club!!
Ouch! That really hurt!
* * * LOW HITPOINT WARNING * * *
You are too injured to fight recklessly!
Casting: Sandblast (safe; 2% risk of failure)
Confirm with . or Enter, or press ? or * to list all spells.
Aiming: Sandblast (safe; 2% risk of failure)
Press: ? - help, Shift-Dir - straight line, f - ogre
Aim: an ogre, wielding a +0 giant spiked club (91% to hit)
The blast of sand hits the ogre!
The ogre is moderately wounded.
Casting: Sandblast (safe; 2% risk of failure)
Confirm with . or Enter, or press ? or * to list all spells.
Aiming: Sandblast (safe; 2% risk of failure)
Press: ? - help, Shift-Dir - straight line, f/p - ogre
Aim: an ogre, wielding a +0 giant spiked club (moderately wounded, 91% to hit)
Okay, then.
Unknown command.
Okay, then.
Okay, then.
Casting: Sandblast (safe; 2% risk of failure)
Confirm with . or Enter, or press ? or * to list all spells.
Aiming: Sandblast (safe; 2% risk of failure)
Press: ? - help, Shift-Dir - straight line, f/p - ogre
Aim: an ogre, wielding a +0 giant spiked club (moderately wounded, 91% to hit)
The blast of sand hits the ogre!
The ogre is severely wounded.
The ogre hits you with a +0 giant spiked club!!!
Ouch! That really hurt!
You die...

.'........#.)PP.≈≈PP.
.#........#P≈≈PP≈P♣≈≈ ≈
♣ #......≈P≈≈≈≈♣♣≈≈≈≈.
≈≈♣P♣.#+##≈PPP≈♣♣♣≈PP.P.
≈PP≈♣ #..†≈P≈♣♣≈≈P≈.....
......#..PP≈≈≈≈♣PP≈.....
.≈....##.≈≈≈≈♣♣PPP≈####'
≈≈≈....#.PP≈≈≈≈♣P.......
≈≈P...O@.P≈P≈≈≈♣PP≈P....
≈♣.....#.)P.P≈≈≈♣≈≈≈.PP.
≈......#..#..PPPP♣≈≈≈P≈≈
≈##....#..#####≈PPP≈♣≈≈P
#....+..#


...PPPPP≈ #....#..# ....PPPP≈ #....#..# ......... #....#..# #..# You could see
an ogre.

Vanquished Creatures
  A phantom (D:4)
  A scorpion (D:4)
  An orc wizard (D:3)
  7 gnolls (D:3)
  An adder (D:2)
  3 worms
  3 dart slugs
  An orc (D:4)
  3 bats
  5 endoplasms
  3 giant cockroaches
  10 goblins
  3 hobgoblins
  4 quokkas
  7 ball pythons
  3 frilled lizards
  11 kobolds
  3 rats
70 creatures vanquished.

Vanquished Creatures (others)
  12 plants (D:4)
12 creatures vanquished.

Grand Total: 82 creatures vanquished

Notes
Turn   | Place    | Note
-------+----------+-------------------------------------------
     0 | D:1      | Crownlay the Octopode Earth Elementalist began the quest
                  | for the Orb.
     0 | D:1      | Reached XP level 1. HP: 11/11 MP: 3/3
   200 | D:1      | Reached XP level 2. HP: 18/18 MP: 3/5
   653 | D:1      | Reached skill level 1 in Fighting
   764 | D:2      | Reached XP level 3. HP: 10/23 MP: 2/7
   955 | D:2      | Learned a level 3 spell: Stone Arrow
  1780 | D:2      | Reached XP level 4. HP: 28/28 MP: 8/8
  1792 | D:2      | You fall into a shaft and drop 1 floor!
  2152 | D:3      | Found a sacrificial altar of Ru.
  2163 | D:3      | Reached skill level 1 in Conjurations
  2163 | D:3      | Reached XP level 5. HP: 23/34 MP: 2/10
  2767 | D:3      | Found Sarix's Weapon Emporium.
  3060 | D:4      | Reached XP level 6. HP: 33/39 MP: 4/12
  3382 | D:4      | Annihilated by an ogre

Illustrated notes

Levels and vault maps discovered:
D:1:      wander_arrival_estate, layout_loops_cross, serial_glass,
          glass_columns_b, glass_columns_a
D:2:      layout_loops_ring
D:3:      layout_rooms, nicolae_ru_great_annihilating_truth,
          nicolae_overflow_hidden_temple, serial_shops, shop
D:4:      layout_gridville, serial_bayou, serial_bayou_shore_b,
          serial_bayou_shore_a, serial_bayou_lake_a, serial_bayou_pond_d,
          serial_bayou_lagoon_a, serial_bayou_ford_a, hangedman_decor_growths,
          uniq_duvessa

Skill      XL: |  1  2  3  4  5  6 |
---------------+-------------------+-----
Fighting       | 1 2 |  2.5
Spellcasting   | 3 4 |  4.2
Conjurations   | 1 2 |  2.0
Earth Magic    | 4 |  4.2
Dodging        | |  2.0
Stealth        | |  2.6
Transmutations | |  1.0

Action                   |  1- 3 |  4- 6 || total
-------------------------+-------+-------++-------
Melee: Short sword       |    53 |     4 ||    57
       Constrict         |    10 |     7 ||    17
       Tentacles         |    10 |     5 ||    15
       Spear             |       |    26 ||    26
 Cast: Sandblast         |    10 |    49 ||    59
  Use: Scroll            |       |     2 ||     2
 Stab: Sleeping          |    13 |     3 ||    16
Armor: Skin              |     1 |     1 ||     2
Dodge: Dodged            |    23 |    18 ||    41

Table legend: (Time is in decaauts)
 A = Elapsed time spent in this place.
 B = Non-inter-level travel time spent in this place.
 C = Inter-level travel time spent in this place.
 D = Time resting spent in this place.
 E = Time spent auto-exploring this place.
 F = Levels seen in this place.
 G = Mean time per level.
                   A        B        C        D        E       F      G
               +--------+--------+--------+--------+--------+-----+--------+
         Total |   3388 |   3272 |    116 |      0 |   2768 |   4 |  847.0 |
       Dungeon |   3388 |   3272 |    116 |      0 |   2768 |   4 |  847.0 |
               +--------+--------+--------+--------+--------+-----+--------+

Top non-repeatable levels by time:
     D:2: 1161 daAuts
     D:3: 1088 daAuts
     D:1: 760 daAuts
     D:4: 377 daAuts
